 Dungeon Crawl Stone Soup version 0.19-a0-1932-g59670f6 (webtiles) character file.

640 tboon the Chopper (level 7, -3/61 HPs)
             Began as a Minotaur Fighter on Oct 25, 2016.
             Killed from afar by a steam dragon (21 damage)
             ... with a ball of steam
             ... on level 5 of the Dungeon.
             The game lasted 00:12:11 (3654 turns).

tboon the Chopper (Minotaur Fighter)                Turns: 3654, Time: 00:12:12

Health: -3/61      AC: 13    Str: 16    XL:     7   Next: 26%
Magic:  6/6        EV:  3    Int:  9    God:
Gold:   338        SH: 15    Dex: 10    Spells: 0 memorised, 6 levels left

rFire  . . .     SeeInvis .     a - +0 war axe
rCold  . . .     Gourm    .     y - +0 chain mail
rNeg   + . .     Faith    .     e - +1 large shield {rN+}
rPois  .         Spirit   .     (helmet restricted)
rElec  .         Reflect  .     d - +0 cloak
rCorr  .         Harm     .     k - +1 pair of gloves
MR     .....                    (no boots)
Stlth  ..........               (no amulet)
                                j - +3 ring of intelligence
                                h - -5 ring of strength

@: no status effects
A: retaliatory headbutt, horns 2
a: no special abilities


You were on level 5 of the Dungeon.
You were not hungry.

You visited 2 branches of the dungeon, and saw 6 of its levels.

You collected 338 gold pieces.

Inventory:

Hand Weapons
 a - a +0 war axe (weapon)
 u - a +0 mace of crushing
Armour
 d - a +0 cloak (worn)
 e - a +1 large shield of positive energy (worn)
 k - a +1 pair of gloves (worn)
 y - a +0 chain mail (worn)
Jewellery
 h - a -5 ring of strength (left hand)
 j - a +3 ring of intelligence (right hand)
 l - an uncursed ring of fire {unknown}
 B - an uncursed amulet of magic regeneration
Wands
 A - a wand of slowing (17/48)
Scrolls
 b - a scroll of teleportation
 n - a scroll of identify
 o - 4 scrolls of immolation
 q - a scroll of recharging
 r - a scroll of enchant weapon {unknown}
Potions
 c - a potion of degeneration {unknown}
 i - a potion of invisibility {unknown}
 m - 3 potions of curing {unknown}
 p - a potion of flight {unknown}
 s - a potion of berserk rage {unknown}
 x - a potion of haste {unknown}
 z - a potion of heal wounds {unknown}
Books
 w - a book of Maledictions

   Spells                             Type                      Level
   a - Corona                         Hexes                        1
   b - Ensorcelled Hibernation        Hexes/Ice                    2
   c - Confuse                        Hexes                        3
   d - Tukima's Dance                 Hexes                        3
   e - Dazzling Spray                 Conjuration/Hexes            3
Comestibles
 f - 3 bread rations
 g - a slice of pizza
 t - 3 fruits
 v - a royal jelly
 C - a chunk of flesh
 D - a beef jerky


   Skills:
 + Level 5.2 Fighting
 * Level 6.2 Axes
 + Level 5.5 Armour
 - Level 0.9 Dodging
 + Level 5.9 Shields


You had 6 spell levels left.
You didn't know any spells.

Dungeon Overview and Level Annotations

Branches:
Dungeon (5/15)             Temple (1/1) D:4

Altars:
Ashenzari
Cheibriados
Gozag
Hepliaklqana
Kikubaaqudgha
Makhleb
Qazlal
Sif Muna
Trog
Uskayaw
Vehumet
Xom
Yredelemnul
Zin
The Shining One


Innate Abilities, Weirdness & Mutations

You reflexively headbutt those who attack you in melee.
You have a pair of horns on your head.


Message History

You hit the fungus but do no damage. You block the steam dragon's attack.
The steam dragon claws you. The steam dragon bites you.
You block the steam dragon's attack. x2; The steam dragon barely misses you.
Your shield and chain mail prevent you from hitting the steam dragon.
You headbutt the steam dragon.
The steam dragon is lightly wounded.
You hit the fungus. You closely miss the steam dragon.
The steam dragon bites you! You block the steam dragon's attack.
The steam dragon breathes steam at you. The ball of steam hits you!
* * * LOW HITPOINT WARNING * * *
The ball of steam hits the fungus.
Your shield prevents you from hitting the steam dragon.
Your headbutt misses the steam dragon.
The steam dragon is lightly wounded.
You closely miss the steam dragon. You hit the fungus.
The fungus is engulfed in a cloud of scalding steam.
The steam dragon breathes steam at you. The ball of steam hits you!
You die...

..#...........## ####......#....
..#.........####PP^###....###....
..#.........##....≈P##...........
..#.........##P....P≈#...........
####........#P≈....^.#...........
########....#≈^.....P#...........
...#####....##≈≈..≈.##.....[....(
............##.^DD^###...........
............###.@§# #.....#......
..............#P.§###............
.........####.#..≈#..............
............#.#...#.###..........
............#.#P.≈#.# #..........
............#.#≈.≈#.###..........
............#.##..#..............
...........##..#.≈#..............
.....##.....##.#.≈##.............


You could see 2 steam dragons.

Vanquished Creatures
  A sky beast (D:5)
  A phantom (D:4)
  A centaur (D:5)
  2 scorpions
  A howler monkey (D:4)
  2 orc wizards
  2 worker ants (D:5)
  A worker ant zombie (D:5)
  2 gnolls (D:5)
  3 adders
  A shadow imp (D:5)
  2 worms
  2 dart slugs
  3 leopard geckos
  6 orcs
  5 giant cockroaches
  9 hobgoblins
  8 jackals
  2 kobolds
  A quokka (D:2)
  2 ball pythons (D:1)
  5 bats
  A frilled lizard (D:1)
  9 goblins
  5 rats
  A spectral orc (D:4)
78 creatures vanquished.

Notes
Turn   | Place    | Note
-------+----------+-------------------------------------------
     0 | D:1      | tboon the Minotaur Fighter began the quest for the Orb.
     0 | D:1      | Reached XP level 1. HP: 19/19 MP: 0/0
     2 | D:1      | Noticed an ogre
     2 | D:1      | Noticed a formicid
     4 | D:1      | Noticed a merfolk
     4 | D:1      | Noticed a demigod
     6 | D:1      | Noticed a gargoyle
     6 | D:1      | Noticed a human
     8 | D:1      | Noticed a vampire
     8 | D:1      | Noticed a vine stalker
    10 | D:1      | Noticed a troll
    10 | D:1      | Noticed a draconian
    12 | D:1      | Noticed a dwarf
    12 | D:1      | Noticed a centaur
    14 | D:1      | Noticed a minotaur
    14 | D:1      | Noticed an elf
    16 | D:1      | Noticed a spriggan
    16 | D:1      | Noticed a halfling
    18 | D:1      | Noticed a demonspawn
    18 | D:1      | Noticed a ghoul
    20 | D:1      | Noticed a felid
    24 | D:1      | Noticed an octopode
    26 | D:1      | Noticed a tengu
    26 | D:1      | Noticed a naga
   112 | D:1      | Reached XP level 2. HP: 25/27 MP: 1/1
   707 | D:2      | Reached XP level 3. HP: 32/33 MP: 2/2
   760 | D:2      | Reached skill level 3 in Axes
   792 | D:2      | Found an opulent altar of Gozag.
  1106 | D:2      | Found a glowing golden altar of the Shining One.
  1377 | D:2      | Found a hide-covered altar of Uskayaw.
  1788 | D:3      | Noticed a scorpion
  1796 | D:3      | Killed a scorpion
  1796 | D:3      | Reached XP level 4. HP: 31/40 MP: 3/3
  2052 | D:3      | Reached skill level 4 in Axes
  2052 | D:3      | Reached XP level 5. HP: 43/47 MP: 4/4
  2519 | D:4      | Found a staircase to the Ecumenical Temple.
  2524 | Temple   | Entered the Ecumenical Temple
  2721 | D:4      | Noticed a phantom
  2730 | D:4      | Reached skill level 5 in Shields
  2743 | D:4      | Killed a phantom
  2743 | D:4      | Reached skill level 5 in Axes
  2743 | D:4      | Reached XP level 6. HP: 40/53 MP: 5/5
  2973 | D:4      | Found a basalt altar of Yredelemnul.
  3024 | D:5      | Entered Level 5 of the Dungeon
  3052 | D:5      | Noticed a sky beast
  3061 | D:5      | Killed a sky beast
  3061 | D:5      | Reached skill level 5 in Fighting
  3061 | D:5      | Reached skill level 5 in Armour
  3107 | D:5      | Found a bloodstained altar of Trog.
  3176 | D:5      | Reached XP level 7. HP: 53/61 MP: 6/6
  3244 | D:5      | Reached skill level 6 in Axes
  3552 | D:5      | Found a snail-covered altar of Cheibriados.
  3648 | D:5      | Noticed a steam dragon
  3649 | D:5      | Noticed a steam dragon
  3654 | D:5      | Killed from afar by a steam dragon

Vault maps used:
D:1:      kb_arrival_jail
D:2:      eat_drink_and_be_merry_uskayaw, lemuel_coloured_pillars_altar,
          nicolae_gozag_cash_rules_everything_around_me
D:4:      yredelemnul_forgotten_temple_becter
D:5:      kennysheep_steamy, nicolae_overflow_crystal_walls, first_bread,
          cheibriados_altar_wand_db
Temple:   compressed_dpeg_circular_temple

Skill      XL: |  1  2  3  4  5  6  7 |
---------------+----------------------+-----
Shields        | 4 5 |  5.9
Armour         | 4 5 |  5.5
Axes           | 3 4 5 6 |  6.2
Fighting       | 4 5 |  5.2
Dodging        | |  0.9

Action                   |  1- 3 |  4- 6 |  7- 9 || total
-------------------------+-------+-------+-------++-------
Melee: War axe           |    79 |   114 |    30 ||   223
       Headbutt          |     7 |    20 |     7 ||    34
  Use: Potion            |     1 |       |       ||     1
       Scroll            |       |    10 |       ||    10
  Eat: Chunk             |     2 |     3 |     1 ||     6
       Beef jerky        |       |     2 |       ||     2
Armor: Scale mail        |    26 |    21 |       ||    47
       Chain mail        |       |    37 |     6 ||    43
Dodge: Dodged            |    19 |    21 |     2 ||    42
Block: Shield            |    37 |    25 |       ||    62
       Large shield      |       |    59 |    21 ||    80
